TOP OF THE 1ST |
Madison Brewers batting - Pitching for Joplin Blasters : RHP Obiniana Gaters
|
Pitching: RHP Obiniana Gaters
|
|
Batting: LHB Rick Campbell
|
0-0: Swinging Strike 0-1: Foul Ball, location: 2F 0-2: Ball 1-2: Fly out, F8 (Flyball, 89M, EV 74.4 MPH)
|
Batting: LHB Jason Raker
|
0-0: Ball 1-0: Swinging Strike 1-1: Foul Ball, location: 2F 1-2: Foul Ball, location: 2F 1-2: Ground out 4-3 (Groundball, 4, EV 85.0 MPH)
|
Batting: LHB Adam Hill
|
0-0: Foul Ball, location: 2F 0-1: Ball 1-1: Ball 2-1: Foul Ball, location: 2F 2-2: Ball 3-2: Fly out, F7 (Flyball, 78M, EV 81.9 MPH)
|
Top of the 1st over - 0 runs, 0 hits, 0 errors, 0 left on base; Madison 0 - Joplin 0 |
BOTTOM OF THE 1ST |
Joplin Blasters batting - Pitching for Madison Brewers : RHP Jun Yamashita
|
Pitching: RHP Jun Yamashita
|
|
Batting: RHB Dave Saldana
|
0-0: Ball 1-0: Called Strike 1-1: SINGLE (Line Drive, 56D, EV 106.2 MPH)
|
Batting: RHB Kevin Wimberly
|
0-0: Called Strike 0-1: Ball 1-1: Swinging Strike 1-2: Fly out, F9 (Flyball, 9D, EV 85.0 MPH)
|
Batting: RHB Chance Argy
|
0-0: Ball Pickoff Throw by Catcher to First - Out! 1-0: Foul Ball, location: 2F 1-1: Foul Ball, location: 2F 1-2: Ball 2-2: Ball 3-2: Fly out, F8 (Flyball, 8RM, EV 91.9 MPH)
|
Bottom of the 1st over - 0 runs, 1 hit, 0 errors, 0 left on base; Madison 0 - Joplin 0 |
TOP OF THE 2ND |
Madison Brewers batting - Pitching for Joplin Blasters : RHP Obiniana Gaters
|
Pitching: RHP Chance Griffin
|
|
Batting: LHB Tyler Francis
|
0-0: Ball 1-0: Ball 2-0: Ball 3-0: Base on Balls
|
Batting: RHB Victor Alarcon
|
0-0: Foul Ball, location: 2F 0-1: DOUBLE (Line Drive, 7LS, EV 90.6 MPH) Tyler Francis to third
|
Batting: SHB Justin Hensley
|
0-0: Called Strike 0-1: Ball 1-1: Fly out, F8 (Flyball, 89M, EV 88.8 MPH) Runner from 3rd tags up, SCORES, throw by CF
|
Batting: LHB Sal Burgos
|
0-0: Called Strike 0-1: Ball 1-1: Foul Ball, location: 2F 1-2: Ball 2-2: Foul Ball, location: 2F 2-2: Foul Ball, location: 2F 2-2: Foul Ball, location: 2F 2-2: 2-RUN HOME RUN (Flyball, 7D, EV 103.1 MPH), Distance : 382 ft
|
Pitching: RHP Greg Sell
|
|
Batting: LHB Greg Reedy
|
0-0: Swinging Strike 0-1: Swinging Strike 0-2: Strikes out looking
|
Batting: RHB Dan Allred
|
0-0: Called Strike 0-1: Ball 1-1: Ball 2-1: Foul Ball, location: 2F 2-2: Fly out, F9 (Flyball, 89M, EV 87.5 MPH)
|
Top of the 2nd over - 3 runs, 2 hits, 0 errors, 0 left on base; Madison 3 - Joplin 0 |
BOTTOM OF THE 2ND |
Joplin Blasters batting - Pitching for Madison Brewers : RHP Jun Yamashita
|
Batting: LHB Mike Bhatti
|
0-0: Fly out, F9 (Flyball, 9LD, EV 101.9 MPH)
|
Batting: RHB Bobby Matyas
|
0-0: Ground out 5-3 (Groundball, 56, EV 95.0 MPH)
|
Batting: LHB Danny Pacheco
|
0-0: Ball 1-0: Called Strike 1-1: Fly out, F3 (Popup, 3S, EV 71.9 MPH)
|
Bottom of the 2nd over - 0 runs, 0 hits, 0 errors, 0 left on base; Madison 3 - Joplin 0 |
TOP OF THE 3RD |
Madison Brewers batting - Pitching for Joplin Blasters : RHP Greg Sell
|
Batting: LHB Rick Campbell
|
0-0: Ball 1-0: Ball 2-0: Swinging Strike 2-1: Ball 3-1: Called Strike 3-2: SINGLE (Line Drive, 8LS, EV 109.4 MPH)
|
Batting: LHB Jason Raker
|
0-0: Called Strike 0-1: Ball 1-1: Called Strike 1-2: Hit by Pitch Rick Campbell to second
|
Batting: LHB Adam Hill
|
0-0: SINGLE (Groundball, 6MD, EV 106.9 MPH) Rick Campbell to third Jason Raker to second
|
Batting: LHB Tyler Francis
|
0-0: Called Strike 0-1: Foul Ball, location: 2F 0-2: Ball 1-2: Foul Ball, location: 2F 1-2: Ball 2-2: Ball 3-2: Base on Balls Rick Campbell scores Jason Raker to third Adam Hill to second
|
Batting: RHB Victor Alarcon
|
0-0: Ball 1-0: Swinging Strike 1-1: Ball 2-1: Foul Ball, location: 2F 2-2: Strikes out swinging
|
Batting: SHB Justin Hensley
|
0-0: Foul Ball, location: 2F 0-1: Ball 1-1: Ball 2-1: Foul Ball, location: 2F 2-2: Foul Ball, location: 2F 2-2: Strikes out looking
|
Batting: LHB Sal Burgos
|
0-0: Ball 1-0: Foul Ball, location: 2F 1-1: Swinging Strike 1-2: Foul Ball, location: 2F 1-2: Strikes out swinging
|
Top of the 3rd over - 1 run, 2 hits, 0 errors, 3 left on base; Madison 4 - Joplin 0 |
BOTTOM OF THE 3RD |
Joplin Blasters batting - Pitching for Madison Brewers : RHP Jun Yamashita
|
Batting: RHB Nick Julien
|
0-0: Ground out 4-3 (Groundball, 34, EV 90.0 MPH)
|
Batting: RHB Phil Hamby
|
0-0: Called Strike 0-1: Called Strike 0-2: Strikes out swinging
|
Batting: RHB Jason Birge
|
0-0: Fly out, F9 (Flyball, 9, EV 93.1 MPH)
|
Bottom of the 3rd over - 0 runs, 0 hits, 0 errors, 0 left on base; Madison 4 - Joplin 0 |
TOP OF THE 4TH |
Madison Brewers batting - Pitching for Joplin Blasters : RHP Greg Sell
|
Batting: LHB Greg Reedy
|
0-0: Called Strike 0-1: Fly out, F8 (Flyball, 8LXD, EV 93.8 MPH)
|
Batting: RHB Dan Allred
|
0-0: Foul Ball, location: 2F 0-1: Ball 1-1: Ball 2-1: Fly out, F9 (Flyball, 89M, EV 95.0 MPH)
|
Pitching: RHP Phil Kellum
|
|
Batting: LHB Rick Campbell
|
0-0: Called Strike 0-1: Called Strike 0-2: Ball 1-2: Ball 2-2: Strikes out looking
|
Top of the 4th over - 0 runs, 0 hits, 0 errors, 0 left on base; Madison 4 - Joplin 0 |
BOTTOM OF THE 4TH |
Joplin Blasters batting - Pitching for Madison Brewers : RHP Jun Yamashita
|
Batting: RHB Dave Saldana
|
0-0: Called Strike 0-1: Fly out, F9 (Flyball, 89D, EV 85.6 MPH)
|
Batting: RHB Kevin Wimberly
|
0-0: Called Strike 0-1: Ball 1-1: Ball 2-1: Foul Ball, location: 2F 2-2: Strikes out swinging
|
Batting: RHB Chance Argy
|
0-0: Ground out 6-3 (Groundball, 6, EV 77.5 MPH)
|
Bottom of the 4th over - 0 runs, 0 hits, 0 errors, 0 left on base; Madison 4 - Joplin 0 |
TOP OF THE 5TH |
Madison Brewers batting - Pitching for Joplin Blasters : RHP Phil Kellum
|
Batting: LHB Jason Raker
|
0-0: Ground out 6-3 (Groundball, 6M, EV 93.8 MPH)
|
Batting: LHB Adam Hill
|
0-0: Foul Ball, location: 2F 0-1: Ball 1-1: Fly out, F8 (Line Drive, 8LM, EV 106.9 MPH)
|
Batting: LHB Tyler Francis
|
0-0: Ball 1-0: Swinging Strike 1-1: Called Strike 1-2: Ground out 4-3 (Groundball, 4, EV 83.1 MPH)
|
Top of the 5th over - 0 runs, 0 hits, 0 errors, 0 left on base; Madison 4 - Joplin 0 |
BOTTOM OF THE 5TH |
Joplin Blasters batting - Pitching for Madison Brewers : RHP Jun Yamashita
|
Batting: LHB Mike Bhatti
|
0-0: Foul Ball, location: 2F 0-1: Ball 1-1: Ball 2-1: Ball 3-1: Foul Ball, location: 2F 3-2: Base on Balls
|
Batting: RHB Bobby Matyas
|
0-0: Called Strike 0-1: Ball Wild Pitch! Mike Bhatti to second 1-1: Ball 2-1: Ground out 4-3 (Groundball, 34, EV 95.0 MPH) Mike Bhatti to third
|
Batting: LHB Danny Pacheco
|
0-0: Foul Ball, location: 2F 0-1: Ball 1-1: Ball 2-1: Fly out, F5 (Popup, 5SF, EV 88.8 MPH)
|
Batting: RHB Nick Julien
|
0-0: Ball 1-0: DOUBLE (Line Drive, 9LM, EV 95.6 MPH) Mike Bhatti scores
|
Batting: RHB Phil Hamby
|
0-0: Foul Ball, location: 2F 0-1: Ball 1-1: TRIPLE (Flyball, 89XD, EV 98.1 MPH) Nick Julien scores
|
Batting: RHB Jason Birge
|
0-0: Called Strike 0-1: Ball 1-1: Ball 2-1: Swinging Strike 2-2: Foul Ball, location: 2F 2-2: Ball 3-2: Strikes out swinging
|
Bottom of the 5th over - 2 runs, 2 hits, 0 errors, 1 left on base; Madison 4 - Joplin 2 |
TOP OF THE 6TH |
Madison Brewers batting - Pitching for Joplin Blasters : RHP Phil Kellum
|
Batting: RHB Victor Alarcon
|
0-0: Ball 1-0: Ball 2-0: Ball 3-0: Base on Balls
|
Batting: SHB Justin Hensley
|
0-0: Called Strike 0-1: Called Strike 0-2: Ball 1-2: Hit by Pitch Victor Alarcon to second
|
Batting: LHB Sal Burgos
|
0-0: Swinging Strike 0-1: Ball 1-1: Foul Ball, location: 2F 1-2: Ball Passed Ball! Victor Alarcon to third Justin Hensley to second 2-2: Strikes out looking
|
Batting: LHB Greg Reedy
|
0-0: Intentional Walk
|
Batting: RHB Dan Allred
|
0-0: Ball 1-0: Foul Ball, location: 2F 1-1: Ball 2-1: Ball 3-1: Foul Ball, location: 2F 3-2: Strikes out swinging
|
Batting: LHB Rick Campbell
|
0-0: Ball 1-0: Called Strike 1-1: Ball 2-1: Foul Ball, location: 2F 2-2: Ball 3-2: Fly out, F8 (Flyball, 8RD, EV 89.4 MPH)
|
Top of the 6th over - 0 runs, 0 hits, 0 errors, 3 left on base; Madison 4 - Joplin 2 |
BOTTOM OF THE 6TH |
Joplin Blasters batting - Pitching for Madison Brewers : RHP Jun Yamashita
|
Batting: RHB Dave Saldana
|
0-0: Foul Ball, location: 2F 0-1: Ball 1-1: Ball 2-1: Ball 3-1: Foul Ball, location: 2F 3-2: SINGLE (Line Drive, 9LM, EV 101.9 MPH)
|
Batting: RHB Kevin Wimberly
|
0-0: Ball 1-0: Called Strike 1-1: Fly out, F7 (Flyball, 78S, EV 83.8 MPH)
|
Batting: RHB Chance Argy
|
0-0: Grounds into double play, 4-6-3 (Groundball, 4, EV 78.8 MPH)
|
Bottom of the 6th over - 0 runs, 1 hit, 0 errors, 0 left on base; Madison 4 - Joplin 2 |
TOP OF THE 7TH |
Madison Brewers batting - Pitching for Joplin Blasters : RHP Phil Kellum
|
Pitching: RHP Josh Rutledge
|
|
Batting: LHB Jason Raker
|
0-0: Called Strike 0-1: DOUBLE (Flyball, 78D, EV 106.2 MPH)
|
Batting: LHB Adam Hill
|
0-0: Ball 1-0: Swinging Strike 1-1: SINGLE (Groundball, 56D, EV 105.0 MPH) Jason Raker to third Runner from 3rd tries for Home, SAFE, throw by LF to home
|
Batting: LHB Tyler Francis
|
0-0: Called Strike 0-1: Called Strike 0-2: Strikes out looking
|
Batting: RHB Victor Alarcon
|
0-0: Called Strike 0-1: Ball 1-1: Swinging Strike 1-2: Ball 2-2: SINGLE (Line Drive, 8RS, EV 102.5 MPH) Adam Hill to second
|
Batting: SHB Justin Hensley
|
0-0: Ball 1-0: DOUBLE (Flyball, 8RXD, EV 108.1 MPH) Adam Hill scores Victor Alarcon to third
|
Batting: LHB Sal Burgos
|
0-0: Ball 1-0: Ball 2-0: Ball 3-0: Called Strike 3-1: Base on Balls
|
Batting: LHB Greg Reedy
|
0-0: Swinging Strike 0-1: Ball 1-1: Ball 2-1: Called Strike 2-2: Foul Ball, location: 2F 2-2: Foul Ball, location: 2F 2-2: Grounds into fielders choice 4-2 (Groundball, 4, EV 85.0 MPH) Justin Hensley to third Sal Burgos to second
|
Batting: RHB Dan Allred
|
0-0: Foul Ball, location: 2F 0-1: Ball 1-1: SINGLE (Groundball, 56D, EV 110.6 MPH) (infield hit) Justin Hensley scores Sal Burgos to third Greg Reedy to second
|
Pitching: RHP Ian Current
|
|
Batting: LHB Rick Campbell
|
0-0: Foul Ball, location: 2F 0-1: Foul Ball, location: 2F 0-2: Foul Ball, location: 2F 0-2: Ball 1-2: Ball 2-2: Ball 3-2: SINGLE (Line Drive, 7S, EV 99.4 MPH) Sal Burgos scores Greg Reedy to third Dan Allred to second Greg Reedy scores Dan Allred to third
|
Pinch Hitting: RHB Mohammed bin Ubaida
|
0-0: Fielders Choice at 2nd, 6-4 (Groundball, 6, EV 110.0 MPH)
|
Top of the 7th over - 5 runs, 6 hits, 0 errors, 2 left on base; Madison 9 - Joplin 2 |
BOTTOM OF THE 7TH |
Joplin Blasters batting - Pitching for Madison Brewers : RHP Jun Yamashita
|
Now in LF: Aaron Neill
|
|
Pinch Hitting: RHB Carlos Santoni
|
0-0: Called Strike 0-1: Ball 1-1: Swinging Strike 1-2: Strikes out swinging
|
Pinch Hitting: LHB Pablo Serrato
|
0-0: SINGLE (Flyball, 56D, EV 84.4 MPH)
|
Pinch Hitting: RHB Jonas Fernandez
|
0-0: Ball 1-0: Called Strike 1-1: Ball 2-1: Foul Ball, location: 2F 2-2: Foul Ball, location: 2F 2-2: DOUBLE (Flyball, 8LXD, EV 105.0 MPH) Pablo Serrato to third Runner from 3rd tries for Home, SAFE, throw by CF to home
|
Batting: RHB Nick Julien
|
0-0: Called Strike 0-1: Ball 1-1: Ball 2-1: Ball 3-1: SINGLE (Line Drive, 89S, EV 95.0 MPH) Jonas Fernandez to third Runner from 3rd tries for Home, SAFE, throw by CF to home
|
Batting: RHB Phil Hamby
|
0-0: Called Strike 0-1: SINGLE (Groundball, 6S, EV 71.9 MPH) (infield hit) Nick Julien to second
|
Batting: RHB Jason Birge
|
0-0: Called Strike 0-1: Fly out, F9 (Flyball, 89D, EV 89.4 MPH)
|
Batting: RHB Dave Saldana
|
0-0: Called Strike 0-1: Ground out 3-1 (Groundball, 34, EV 107.5 MPH)
|
Bottom of the 7th over - 2 runs, 4 hits, 0 errors, 2 left on base; Madison 9 - Joplin 4 |
TOP OF THE 8TH |
Madison Brewers batting - Pitching for Joplin Blasters : RHP Ian Current
|
Now at 3B: Bill Ertl
|
|
Now at SS: Carlos Santoni
|
|
Now in LF: Pablo Serrato
|
|
Batting: LHB Adam Hill
|
0-0: Fly out, F8 (Line Drive, 78M, EV 98.8 MPH)
|
Batting: LHB Tyler Francis
|
0-0: Ball 1-0: Ball 2-0: Called Strike 2-1: SINGLE (Groundball, 4MD, EV 103.8 MPH)
|
Batting: RHB Victor Alarcon
|
0-0: Ball 1-0: Ball 2-0: Ball 3-0: Base on Balls Tyler Francis to second
|
Batting: SHB Justin Hensley
|
0-0: Ball 1-0: Ball 2-0: Ball 3-0: Called Strike 3-1: Base on Balls Tyler Francis to third Victor Alarcon to second
|
Batting: LHB Sal Burgos
|
0-0: Ball 1-0: Called Strike 1-1: Ball 2-1: Foul Ball, location: 2F 2-2: Ball 3-2: Base on Balls Tyler Francis scores Victor Alarcon to third Justin Hensley to second
|
Batting: LHB Greg Reedy
|
0-0: Called Strike 0-1: Foul Ball, location: 2F 0-2: Ball 1-2: SINGLE (Line Drive, 78M, EV 106.2 MPH) Victor Alarcon scores Justin Hensley to third Sal Burgos to second Throwing error, E7 Justin Hensley scores Sal Burgos to third Greg Reedy to second
|
Batting: RHB Dan Allred
|
0-0: Ball 1-0: Ball 2-0: Ground out 4-3 (Groundball, 4MS, EV 65.0 MPH) Sal Burgos scores Greg Reedy to third
|
Batting: LHB Rick Campbell
|
0-0: Ball 1-0: Ball 2-0: Foul Ball, location: 2F 2-1: Ball 3-1: Base on Balls
|
Pinch Hitting: RHB Michael Dickerson
|
0-0: Called Strike 0-1: Ball 1-1: Called Strike 1-2: Strikes out swinging
|
Top of the 8th over - 4 runs, 2 hits, 1 error, 2 left on base; Madison 13 - Joplin 4 |
BOTTOM OF THE 8TH |
Joplin Blasters batting - Pitching for Madison Brewers : RHP Jun Yamashita
|
Now in LF: Victor Alarcon
|
|
Now in RF: Danny Bautista
|
|
Batting: RHB Kevin Wimberly
|
0-0: Ball 1-0: Called Strike 1-1: Ball 2-1: Foul Ball, location: 2F 2-2: Strikes out swinging
|
Pinch Hitting: RHB Chang-keun Baik
|
0-0: Ball 1-0: Foul Ball, location: 2F 1-1: Ground out 1-3 (Groundball, 13, EV 67.5 MPH)
|
Pinch Hitting: LHB Edgar Ortiz
|
0-0: DOUBLE (Flyball, 89XD, EV 99.4 MPH)
|
Batting: LHB Pablo Serrato
|
0-0: Ball 1-0: Foul Ball, location: 2F 1-1: Fly out, F3 (Line Drive, 3, EV 71.9 MPH)
|
Bottom of the 8th over - 0 runs, 1 hit, 0 errors, 1 left on base; Madison 13 - Joplin 4 |
TOP OF THE 9TH |
Madison Brewers batting - Pitching for Joplin Blasters : RHP Ian Current
|
Pitching: RHP Brett Essary
|
|
Now at 1B: Edgar Ortiz
|
|
Now at SS: Jason Conner
|
|
Batting: LHB Adam Hill
|
0-0: Called Strike 0-1: Foul Ball, location: 2F 0-2: Foul Ball, location: 2F 0-2: Foul Ball, location: 2F 0-2: Strikes out looking
|
Batting: LHB Tyler Francis
|
0-0: Ball 1-0: DOUBLE (Line Drive, 78M, EV 95.0 MPH)
|
Pinch Hitting: LHB John Fortin
|
0-0: Ball 1-0: Ball 2-0: Ball 3-0: Called Strike 3-1: Called Strike 3-2: Strikes out swinging
|
Batting: SHB Justin Hensley
|
0-0: Called Strike 0-1: Ball 1-1: Called Strike 1-2: Strikes out looking
|
Top of the 9th over - 0 runs, 1 hit, 0 errors, 1 left on base; Madison 13 - Joplin 4 |
BOTTOM OF THE 9TH |
Joplin Blasters batting - Pitching for Madison Brewers : RHP Jun Yamashita
|
Now in LF: John Fortin
|
|
Batting: SHB Bill Ertl
|
0-0: Ball 1-0: Ball 2-0: Ball 3-0: Base on Balls
|
Batting: RHB Nick Julien
|
0-0: Ball 1-0: Called Strike 1-1: DOUBLE (Flyball, 8LXD, EV 94.4 MPH) Bill Ertl to third
|
Pinch Hitting: RHB Carlos Almada
|
0-0: Ball 1-0: Ball 2-0: Ball 3-0: Base on Balls
|
Pinch Hitting: RHB Ian Hornsby
|
0-0: Ball 1-0: Fly out, F9 (Flyball, 9, EV 76.9 MPH)
|
Batting: RHB Dave Saldana
|
0-0: Called Strike 0-1: Ball 1-1: Ball 2-1: Ball 3-1: Foul Ball, location: 2F 3-2: Foul Ball, location: 2F 3-2: Base on Balls Bill Ertl scores Nick Julien to third Carlos Almada to second
|
Pitching: LHP Tim Phillips
|
|
Batting: RHB Kevin Wimberly
|
0-0: Called Strike 0-1: SINGLE (Line Drive, 9S, EV 92.5 MPH) Nick Julien scores Carlos Almada to third Dave Saldana to second
|
Pinch Hitting: RHB Vance Coen
|
0-0: Ball 1-0: Ball 2-0: Fielders Choice at 2nd, 3-6 (Groundball, 34, EV 91.2 MPH) Carlos Almada scores Dave Saldana to third
|
Batting: LHB Edgar Ortiz
|
0-0: Ball 1-0: Ball 2-0: Ball 3-0: Base on Balls Vance Coen to second
|
Batting: LHB Pablo Serrato
|
0-0: Ball 1-0: Foul Ball, location: 2F 1-1: Ball 2-1: Ground out 4-3 (Groundball, 4, EV 110.6 MPH)
|
Bottom of the 9th over - 3 runs, 2 hits, 0 errors, 3 left on base; Madison 13 - Joplin 7 |
|